 Dungeon Crawl Stone Soup version 0.29-a0-541-gaf1fc19f1b (webtiles) character file.

Game seed: 15646401766710707772

62 Essalna the Sneak (level 3, -2/16 HPs)
             Began as a Spriggan Enchanter on June 2, 2022.
             Killed from afar by Natasha (3 damage)
             ... with a magic dart
             ... on level 2 of the Dungeon.
             The game lasted 00:02:33 (1855 turns).

Essalna the Sneak (Spriggan Enchanter)              Turns: 1855, Time: 00:02:33

Health: -2/16      AC:  2    Str:  4    XL:     3   Next: 85%
Magic:  8/8        EV: 19    Int: 18    God:
Gold:   75         SH:  0    Dex: 19    Spells: 4/7 levels left

rFire   . . .      SeeInvis +   i - +9 spear of Votrieg {elec, Dex+4}
rCold   . . .      Faith    .   (no shield)
rNeg    . . .      Spirit   .   b - +0 robe
rPois   .          Reflect  .   (helmet restricted)
rElec   .          Harm     .   (no cloak)
rCorr   .          Rampage  .   (gloves unavailable)
Will    .....                   (boots unavailable)
Stlth   +++.......              (no amulet)
HPRegen 0.05/turn               (no ring)
MPRegen 0.11/turn               (no ring)

@: very quick
A: very small, no large weapons, unfitting armour, see invisible, speed 3
a: no special abilities


You were on level 2 of the Dungeon.
You visited 1 branch of the dungeon, and saw 2 of its levels.

You collected 75 gold pieces.

Inventory:

Hand Weapons
 a - a +1 dagger
 i - the +9 spear of Votrieg (weapon) {elec, Dex+4}
   (You found it on level 2 of the Dungeon)

   It occasionally discharges a powerful burst of electricity upon striking a
   foe.
   Dex:       It affects your dexterity (+4).
Armour
 b - a +0 robe (worn)
Scrolls
 d - a scroll of fog {unknown}
 f - a scroll of enchant armour {unknown}
 h - 2 scrolls of identify {unknown}
 j - a scroll of noise {unknown}
Potions
 c - a potion of invisibility
 e - a potion of curing {unknown}
 g - 2 potions of mutation {unknown}


   Skills:
 - Level 1.8 Short Blades
 + Level 3.7 Dodging
 + Level 5.4 Stealth
 - Level 2.6 Spellcasting
 + Level 4.3 Hexes


You had 4 spell levels left.
You knew the following spells:

 Your Spells              Type           Power      Damage    Failure   Level
a - Confusing Touch       Hex            18%        N/A       9%          3

Your spell library contained the following spells:

 Spells                   Type           Power      Damage    Failure   Level
 Tukima's Dance           Hex            18%        N/A       9%          3
 Ensorcelled Hibernation  Hex/Ice        20%        N/A       11%         2
 Dazzling Flash           Conj/Hex       20%        N/A       21%         3


Dungeon Overview and Level Annotations

Branches:
Dungeon (2/15)

Altars:

Annotations:
D:2 Natasha


Innate Abilities, Weirdness & Mutations

You are very small and have problems with some larger weapons.
You are too small for most types of armour.
You have supernaturally acute eyesight. (SInv)
You cover ground extremely quickly. (Speed+++)


Message History

No target in view!
No target in view!
No target in view!
No target in view!
No target in view!
No target in view!
No target in view!
No target in view!
Found a stone staircase leading down.
Natasha and a dart slug come into view.
You reach to attack!
The helpless dart slug fails to defend itself.
You hit the dart slug.
The dart slug is heavily wounded.
You hit the dart slug.
The dart slug is heavily wounded.
The dart slug misses you.
You puncture the dart slug!
You kill the dart slug!
Natasha hisses angrily.
Natasha mumbles some strange words.
Natasha glows brightly for a moment.
You closely miss Natasha. Natasha claws you!
Ouch! That really hurt!
You are too injured to fight recklessly!
Reach: i) +9 spear of Votrieg {elec, Dex+4}
Press: ? - help, Dir - move target, f - Natasha
Aim: Natasha (about 34% to evade the +9 spear of Votrieg)
You hit Natasha.
Natasha is moderately wounded.
Natasha claws you!
* * * LOW HITPOINT WARNING * * *
Reach: i) +9 spear of Votrieg {elec, Dex+4}
Press: ? - help, Dir - move target, f/p - Natasha
Aim: Natasha (moderately wounded, about 34% to evade the +9 spear of Votrieg)
You hit Natasha.
Natasha is heavily wounded.
Natasha stares at you and mumbles some strange words.
The magic dart hits you.
You die...

# .# ..# ...##
#######......
#....@h..#
#.#########
#####.#........
#...........#
#......####.#
#>.....# #.#
#......# #.#
#......####.#
#...........#


You could see Natasha.

Vanquished Creatures
  Terence (D:2)
  3 dart slugs
  3 bats
  3 endoplasms
  2 giant cockroaches (D:2)
  5 goblins
  2 hobgoblins (D:2)
  3 quokkas
  2 ball pythons
  A frilled lizard (D:1)
  2 kobolds (D:1)
27 creatures vanquished.

Vanquished Creatures (others)
  2 fungi (D:2)
  A plant (D:2)
3 creatures vanquished.

Grand Total: 30 creatures vanquished

Notes
Turn   | Place    | Note
-------+----------+-------------------------------------------
     0 | D:1      | Essalna the Spriggan Enchanter began the quest for the Orb.
     0 | D:1      | Reached XP level 1. HP: 9/9 MP: 5/5
   319 | D:1      | Reached XP level 2. HP: 13/13 MP: 6/6
  1311 | D:2      | Reached skill level 5 in Stealth
  1321 | D:2      | Reached XP level 3. HP: 4/16 MP: 8/8
  1327 | D:2      | Identified the +9 spear of Votrieg {elec, Dex+4}
  1598 | D:2      | Noticed Terence
  1609 | D:2      | Killed Terence
  1806 | D:2      | Learned a level 3 spell: Confusing Touch
  1845 | D:2      | Noticed Natasha
  1855 | D:2      | Killed from afar by Natasha

Illustrated notes

Levels and vault maps discovered:
D:1:      zaba_arrival_water, layout_loops_ring
D:2:      layout_basic, shapermc_ecumenical_altar_hornbeckon,
          grunt_ministairs_6, due_unseen_surprise, uniq_terence, uniq_natasha

Skill      XL: |  1  2 |
---------------+-------+-----
Dodging        | 3 |  3.7
Hexes          | 4 |  4.3
Stealth        | 5 |  5.4
Short Blades   | |  1.8
Spellcasting   | |  2.6

Action                   || total
-------------------------++-------
Melee: Dagger            ||    66
       Spear             ||    17
  Use: Potion            ||     1
 Stab: Sleeping          ||    10
       Invisible         ||     2
Armor: Robe              ||    11
Dodge: Dodged            ||    36

Table legend: (Time is in decaauts)
 A = Elapsed time spent in this place.
 B = Non-inter-level travel time spent in this place.
 C = Inter-level travel time spent in this place.
 D = Time resting spent in this place.
 E = Time spent auto-exploring this place.
 F = Levels seen in this place.
 G = Mean time per level.
                   A        B        C        D        E       F      G
               +--------+--------+--------+--------+--------+-----+--------+
         Total |   1519 |   1504 |     15 |      0 |   1325 |   2 |  759.5 |
       Dungeon |   1519 |   1504 |     15 |      0 |   1325 |   2 |  759.5 |
               +--------+--------+--------+--------+--------+-----+--------+

Top non-repeatable levels by time:
     D:1: 1018 daAuts
     D:2: 501 daAuts
